 Dungeon Crawl Stone Soup version 0.17-a0-1648-g0a089d4 (webtiles) character file.

8925 matakusis the Fighter (level 11, -11/129 HPs)
             Began as a Demonspawn Gladiator on Aug 12, 2015.
             Was an Initiate of Gozag.
             Mangled by a 11-headed hydra (14 damage)
             ... on level 2 of the Lair of Beasts.
             The game lasted 00:41:05 (9974 turns).

matakusis the Fighter (Demonspawn Gladiator)        Turns: 9974, Time: 00:41:06

Health: -11/129    AC: 14    Str: 25    XL:     11   Next: 16%
Magic:  11/11      EV:  7    Int:  9    God:    Gozag
Gold:   756        SH:  8    Dex: 13    Spells: 1 memorised, 9 levels left

rFire  . . .     SeeInvis .     a - +0 war axe
rCold  + . .     Clarity  .     f - +1 ring mail {rC+}
rNeg   . . .     SustAt   .     u - +0 shield
rPois  .         Gourm    +     (helmet restricted)
rElec  .         Spirit   .     (no cloak)
rCorr  .         Warding  .     (no gloves)
rMut   .         Stasis   .     (no boots)
MR     .....                    z - amulet of the gourmand
Stlth  ..........               n - ring of stealth
                                C - ring of stealth

@: berserking, very heavily drained, very quick, not resistant to hostile
enchantments, extremely unstealthy
A: horns 1, iridescent scales 3, foul stench 1, nightstalker 1, rot immunity
a: Potion Petition, Call Merchant, Bribe Branch, Renounce Religion


You were on level 2 of the Lair of Beasts.
You worshipped Gozag.
Gozag was noncommittal.
You were not hungry.

You visited 3 branches of the dungeon, and saw 11 of its levels.

You collected 1590 gold pieces.
You paid 834 gold pieces to Gozag.

Inventory:

Hand weapons
 a - a +0 war axe (weapon)
 y - a +1 war axe
 D - the +6 arbalest "Hellfire" {hellfire, rF++ rC- MR+}
   (You found it on level 6 of the Dungeon)

   It greatly protects you from fire.
   It makes you vulnerable to cold.
   It affects your resistance to hostile enchantments.
Missiles
 o - a throwing net (quivered)
 r - an exploding tomahawk
 A - 7 poisoned tomahawks
 G - 16 arrows
Armour
 f - a +1 ring mail of cold resistance (worn)
 u - a +0 shield (worn)
 B - the +2 robe of the Guild-Master {rN+}
   (You found it on level 6 of the Dungeon)

   It protects you from negative energy.
Jewellery
 k - an uncursed amulet of resist corrosion
 n - a ring of stealth (right hand)
 z - an amulet of the gourmand (around neck)
 C - a ring of stealth (left hand)
Magical devices
 d - a wand of digging (13)
 E - a wand of polymorph (13)
Scrolls
 i - a scroll of amnesia {unknown}
 j - 2 scrolls of enchant armour
 s - 3 scrolls of teleportation
 H - 2 scrolls of enchant weapon
Potions
 g - 5 potions of brilliance
 h - a potion of cure mutation
 m - 2 potions of magic
 q - a potion of might
 x - 4 potions of agility {unknown}
 F - a potion of invisibility {unknown}
Books
 b - a book of Cantrips

   Spells                             Type                      Level
   a - Corona                         Hexes                        1
   b - Animate Skeleton               Necromancy                   1
   c - Summon Small Mammal            Summoning                    1
   d - Apportation                    Translocation                1
Comestibles
 c - 3 meat rations
 e - 7 bread rations
 v - 9 slices of pizza
 I - a royal jelly


   Skills:
 * Level 8.2(0.0) Fighting
 + Level 6.6(0.0) Axes
 - Level 1.7(0.0) Throwing
 * Level 7.4(0.0) Armour
 + Level 7.7(0.0) Dodging
 + Level 4.5(0.0) Shields
 * Level 6.5(0.0) Hexes


You had 9 spell levels left.
You knew the following spells:

 Your Spells              Type           Power        Failure   Level  Hunger
a - Corona                Hex            #......      100%        1    ##.....


Dungeon Overview and Level Annotations

Branches:
Dungeon (8/15)             Temple (1/1) D:6            Lair (2/8) D:8

Altars:
Ashenzari
Cheibriados
Elyvilon
Fedhas
Gozag
Kikubaaqudgha
Makhleb
Nemelex Xobeh
Okawaru
Qazlal
Ru
Sif Muna
Trog
Vehumet
Xom
Yredelemnul
Zin
The Shining One

Portals:
Ice
Cave: Lair:2


Innate Abilities, Weirdness & Mutations

You have a pair of small horns on your head.
You are completely covered in iridescent scales (AC +8).
You may emit foul miasma when damaged in melee.
You are slightly more attuned to the shadows.
You are immune to rotting.


Message History

You kill the ice beast!
You hit the ice beast.
The ice beast is lightly wounded.
The 11-headed hydra is engulfed in dark miasma.
The 11-headed hydra bites you. x2
The 11-headed hydra bites you but does no damage.
The 11-headed hydra bites you!
* * * LOW HITPOINT WARNING * * *
The 11-headed hydra bites you!
* * * LOW HITPOINT WARNING * * *
The 11-headed hydra bites you.
* * * LOW HITPOINT WARNING * * *
The 11-headed hydra bites you!
* * * LOW HITPOINT WARNING * * *
The 11-headed hydra bites you.
* * * LOW HITPOINT WARNING * * *
You block the 11-headed hydra's attack. The 11-headed hydra barely misses you.
The 11-headed hydra bites you!
You die...
Your body crumbles into a pile of gold.

#....#..≈≈≈≈≈.<.........P...#
........≈≈≈≈≈≈..............#
#....#...≈≈≈≈≈≈...####..#..#**
.........≈≈≈≈................*
$.........≈..............<.P#*
...........................##
................Y..........#
...............D$..........#*
..............YY@Y..###P.#.P*
,......#P.P....Y$Y.....,,,,**
,,...#....#.....r......,,*,,*
,,,....................,,,,**
,,,,,#...........#.....,,,,,*
,,,,,#.................,,,,**
,,,,,*,..........#.....,,*,,*
,,,,,,,,..#.........,,,,,,,,**
,,,,,,*,+**,,,,,,*,,,,,,,*,*,*


You could see a 11-headed hydra, 6 ice beasts and a river rat.

Vanquished Creatures
  Erolcha (D:8)
  Urug (Lair:1)
  Sonja (Lair:2)
  An ugly thing (D:7)
  2 komodo dragons
  A spiny frog (Lair:1)
  A troll (D:7)
  Sigmund (D:5)
  A human (D:7)
  11 yaks
  A basilisk (D:8)
  2 hungry ghosts
  2 hippogriffs (Lair:1)
  5 wolves (Lair:1)
  A porcupine (Lair:2)
  4 ice beasts
  3 centaurs
  A sky beast (D:8)
  An ogre (D:7)
  4 crocodiles
  4 giant frogs
  A scorpion (D:4)
  4 killer bees (D:7)
  4 crimson imps
  A centaur skeleton (D:3)
  2 jellies
  A hound (D:7)
  A gnoll shaman (D:7)
  5 iguanas
  An orc priest (D:6)
  3 orc wizards
  3 worker ants
  7 sheep
  A killer bee zombie (D:8)
  5 gnolls (D:7)
  5 adders
  11 river rats
  A shadow imp (D:5)
  An ooze (D:1)
  4 worms
  An adder skeleton (D:6)
  21 orcs
  9 giant cockroaches
  8 hobgoblins
  12 jackals
  5 kobolds
  2 quokkas
  A ball python (D:2)
  A ball python zombie (D:6)
  5 bats
  6 giant geckos
  2 giant gecko skeletons
  4 giant newts
  7 goblins
  A jackal skeleton (D:6)
  8 rats
203 creatures vanquished.

Vanquished Creatures (others)
  4 fungi
  A plant (Lair:2)
5 creatures vanquished.

Grand Total: 208 creatures vanquished

Notes
Turn   | Place    | Note
--------------------------------------------------------------
     0 | D:1      | matakusis the Demonspawn Gladiator began the quest for the Orb.
     0 | D:1      | Reached XP level 1. HP: 16/16 MP: 1/1
    74 | D:1      | Reached skill level 3 in Axes
   160 | D:1      | Gained mutation: You are partially covered in iridescent scales (AC +4). [demonic ancestry]
   160 | D:1      | Reached XP level 2. HP: 19/22 MP: 2/2
   762 | D:2      | Gained mutation: You have a pair of small horns on your head. [demonic ancestry]
   762 | D:2      | Reached XP level 3. HP: 27/27 MP: 3/3
  1356 | D:3      | Reached XP level 4. HP: 20/33 MP: 4/4
  1845 | D:3      | Reached skill level 1 in Armour
  1865 | D:3      | Found a deep blue altar of Sif Muna.
  2177 | D:4      | Gained mutation: You are immune to rotting. [demonic ancestry]
  2177 | D:4      | Reached XP level 5. HP: 34/39 MP: 5/5
  2588 | D:4      | Found a bloodstained altar of Trog.
  2588 | D:4      | Found a radiant altar of Vehumet.
  2988 | D:4      | Learned a level 1 spell: Corona
  3094 | D:5      | Entered Level 5 of the Dungeon
  3102 | D:5      | Found an opulent altar of Gozag.
  3108 | D:5      | Became a worshipper of Gozag Ym Sagoz the Greedy
  3112 | D:5      | Noticed Sigmund
  3134 | D:5      | Killed Sigmund
  3134 | D:5      | Reached skill level 4 in Axes
  3134 | D:5      | Reached skill level 1 in Hexes
  3134 | D:5      | Gained mutation: You are mostly covered in iridescent scales (AC +6). [demonic ancestry]
  3134 | D:5      | Reached XP level 6. HP: 25/47 MP: 6/6
  3866 | D:6      | Gained mutation: You are completely covered in iridescent scales (AC +8). [demonic ancestry]
  3866 | D:6      | Reached XP level 7. HP: 53/53 MP: 7/7
  3883 | D:6      | Found a snail-covered altar of Cheibriados.
  4071 | D:6      | Got a fine robe
  4082 | D:6      | Identified the +2 robe of the Guild-Master {rN+} (You found it on level 6 of the Dungeon)
  4164 | D:6      | Found a staircase to the Ecumenical Temple.
  4173 | Temple   | Entered the Ecumenical Temple
  4593 | D:6      | Noticed a moth of wrath
  4595 | D:6      | Found a bloodstained altar of Trog.
  4846 | D:7      | Reached skill level 1 in Shields
  4963 | D:7      | Gained mutation: You may emit foul miasma when damaged in melee. [demonic ancestry]
  4963 | D:7      | Reached XP level 8. HP: 55/61 MP: 8/8
  4990 | D:7      | Found a glowing golden altar of the Shining One.
  5159 | D:7      | Noticed a troll
  5168 | D:7      | Killed a troll
  5168 | D:7      | Reached skill level 5 in Fighting
  5168 | D:7      | Reached skill level 5 in Dodging
  5339 | D:7      | Noticed a purple ugly thing
  5467 | D:7      | Killed a brown ugly thing
  5467 | D:7      | Reached skill level 5 in Armour
  5711 | D:7      | Reached skill level 5 in Axes
  5733 | D:7      | Reached XP level 9. HP: 37/68 MP: 9/9
  5747 | D:7      | HP: 3/68 [poisoned by a killer bee]
  6110 | D:7      | Noticed a human
  6127 | D:7      | Killed a human
  6131 | D:7      | Noticed a yak
  6154 | D:7      | Killed a yak
  6208 | D:7      | Found a sparkling altar of Nemelex Xobeh.
  6438 | D:8      | Reached skill level 6 in Fighting
  6557 | D:8      | Noticed Erolcha
  6567 | D:8      | Killed Erolcha
  6611 | D:8      | Found a staircase to the Lair.
  6622 | D:8      | Reached skill level 5 in Hexes
  6648 | D:8      | Noticed a komodo dragon
  6681 | D:8      | Gained mutation: You are slightly more attuned to the shadows. [demonic ancestry]
  6681 | D:8      | Reached XP level 10. HP: 24/77 MP: 10/10
  6682 | D:8      | Killed a komodo dragon
  7386 | Lair:1   | Entered Level 1 of the Lair of Beasts
  7398 | Lair:1   | Reached skill level 7 in Fighting
  7845 | Lair:1   | Noticed Urug
  7868 | Lair:1   | Killed Urug
  8913 | Lair:1   | Reached skill level 8 in Fighting
  9558 | Lair:2   | Found a frozen archway.
  9572 | Lair:2   | Noticed an eight-headed hydra
  9612 | Lair:2   | Noticed Sonja
  9832 | Lair:2   | Killed Sonja
  9832 | Lair:2   | Reached XP level 11. HP: 64/86 MP: 11/11
  9953 | Lair:2   | Noticed a four-headed hydra
  9974 | Lair:2   | HP: 5/129 [11-headed hydra (9)]
  9974 | Lair:2   | Mangled by a 11-headed hydra

Vault maps used:
D:1:      minmay_arrival_shattered_statue
D:2:      kennysheep_generic_room_6
D:3:      led_sif_book, minmay_misc_feat_more_columns, eino_curves_01,
          st_stairs_1
D:4:      amethyst_overflow_temple_binary, first_bread, serial_bayou_pond_c
D:5:      grunt_gozag_statues, uniq_sigmund
D:6:      cheibrodos_worm_habitat, minmay_temple_entry_junction, tgw_trog
D:7:      kennysheep_mini_moat, grunt_livestock, nemelex_diamond_rough_becter
D:8:      dpeg_lair_monsters, uniq_erolcha
Temple:   circular_temple_12
Lair:1:   minivault_27, st_stairs_9, uniq_urug
Lair:2:   portal_ice_cave_entry_ice_beasts, infiniplex_staircase_pool,
          uniq_sonja

Action                   |  1- 3 |  4- 6 |  7- 9 | 10-12 || total
-------------------------+-------+-------+-------+-------++-------
Melee: War axe           |    40 |       |   295 |   265 ||   600
       Hand axe          |   133 |   207 |   117 |       ||   457
Throw: Throwing net      |       |     4 |     2 |     3 ||     9
       Tomahawk          |       |       |       |     2 ||     2
Invok: Potion Petition   |       |       |     2 |     1 ||     3
  Use: Scroll            |     7 |     5 |     2 |     2 ||    16
       Potion            |       |     2 |     7 |     9 ||    18
 Stab: Distracted        |       |     1 |     3 |     1 ||     5
       Sleeping          |       |       |     3 |     3 ||     6
       Invisible         |       |       |     2 |       ||     2
       Held in net/web   |       |       |       |     1 ||     1
  Eat: Chunk             |     1 |     6 |       |       ||     7
       Beef jerky        |       |     1 |       |     2 ||     3
       Meat ration       |       |       |     2 |     2 ||     4
       Royal jelly       |       |       |     1 |     1 ||     2
